 Dungeon Crawl Stone Soup version 0.19-a0-790-ge39e1af (console) character file.

5161 brucemayne the Cleaver (level 10, -7/115 HPs)
             Began as a Vampire Berserker on June 26, 2016.
             Was an Elder of Trog.
             Killed from afar by a rime drake (13 damage)
             ... with a flash freeze
             ... on level 11 of the Dungeon.
             The game lasted 00:14:52 (3321 turns).

brucemayne the Cleaver (Vampire Berserker)          Turns: 3321, Time: 00:14:53

Health: -7/115     AC: 11    Str: 24    XL:     10   Next: 33%
Magic:  10/10      EV:  9    Int: 10    God:    Trog [****..]
Gold:   367        SH:  0    Dex: 14    Spells: 0 memorised, 9 levels left

rFire  . . .     SeeInvis +     h - +2 war axe (elec)
rCold  . . .     Gourm    .     n - +0 chain mail
rNeg   + + .     Faith    .     (no shield)
rPois  .         Spirit   .     C - +0 helmet
rElec  .         Dismiss  .     (no cloak)
rCorr  .         Reflect  .     L - +0 pair of gloves
SustAt .         Harm     .     (no boots)
MR     +....                    m - amulet of regeneration
Stlth  ..........               s - ring of positive energy
                                g - +1 ring of protection

@: berserking, very quick, somewhat resistant to hostile enchantments, extremely
unstealthy
A: fangs 3, see invisible, unbreathing
a: Bat Form, Berserk, Trog's Hand, Brothers in Arms, Burn Spellbooks, Renounce
Religion


You were on level 11 of the Dungeon.
You worshipped Trog.
Trog was greatly pleased with you.
You were not thirsty.

You visited 2 branches of the dungeon, and saw 13 of its levels.

You collected 367 gold pieces.

Inventory:

Hand Weapons
 a - a +0 hand axe
 h - a +2 war axe of electrocution (weapon)
 o - a +0 flail of protection
 t - a +0 war axe
 E - a +2 scimitar of flaming
Armour
 b - a +0 animal skin
 n - a +0 chain mail (worn)
 w - a +1 leather armour of fire resistance
 B - a +3 ring mail
 C - a +0 helmet (worn)
 L - a +0 pair of gloves (worn)
Magical Staves
 F - an uncursed staff of wizardry {unknown}
Jewellery
 g - a +1 ring of protection (left hand)
 m - an amulet of regeneration (around neck)
 s - a ring of positive energy (right hand)
Wands
 j - a wand of iceblast (8/15)
 r - a wand of disintegration (20/24)
 u - a wand of iceblast (9/15)
Scrolls
 d - 8 scrolls of identify
 e - 2 scrolls of teleportation {unknown}
 i - 5 scrolls of remove curse {unknown}
 l - 5 scrolls of magic mapping {unknown}
 p - a scroll of random uselessness {unknown}
 v - 2 scrolls of enchant armour {unknown}
 x - a scroll of enchant weapon {unknown}
 A - a scroll of fear {unknown}
 D - a scroll of blinking {unknown}
 H - a scroll of torment {unknown}
 J - a scroll of recharging {unknown}
 K - a scroll of amnesia {unknown}
Potions
 c - 26 potions of blood
 f - 2 potions of ambrosia {unknown}
 k - 6 potions of curing {unknown}
 q - 3 potions of brilliance {unknown}
 z - 2 potions of lignification {unknown}
 I - a potion of might {unknown}
Books
 y - a book of Maledictions

   Spells                             Type                      Level
   a - Corona                         Hexes                        1
   b - Ensorcelled Hibernation        Hexes/Ice                    2
   c - Confuse                        Hexes                        3
   d - Tukima's Dance                 Hexes                        3
   e - Dazzling Spray                 Conjuration/Hexes            3
   Trog disapproves of the use of such an item.
 G - a book of the Sky

   Spells                             Type                      Level
   a - Summon Lightning Spire         Summoning/Air                4
   b - Airstrike                      Air                          4
   c - Silence                        Hexes/Air                    5
   d - Deflect Missiles               Charms/Air                   6
   e - Conjure Ball Lightning         Conjuration/Air              6
   f - Tornado                        Air                          9
   Trog disapproves of the use of such an item.


   Skills:
 + Level 6.8 Fighting
 + Level 12.6 Axes
 - Level 1.5 Armour
 - Level 2.1 Dodging


You had 9 spell levels left.
You didn't know any spells.

Dungeon Overview and Level Annotations

Branches:
Dungeon (12/15)            Temple (1/1) D:6            Lair (0/6) D:11
    Orc: D:9-12

Altars:
Ashenzari
Dithmenos
Fedhas
Gozag
Kikubaaqudgha
Makhleb
Nemelex Xobeh
Okawaru
Pakellas
Qazlal
Sif Muna
Trog
Uskayaw
Zin
The Shining One

Annotations:
D:6 exclusion: downstairs
D:7 Dowan, Duvessa
D:9 exclusion: downstairs
D:11 exclusion: downstairs
D:12 Aviak's ghost, journeyman DrFE


Innate Abilities, Weirdness & Mutations

You have razor-sharp teeth.
You have supernaturally acute eyesight. (SInv)
You can survive without breathing.


Message History

The ice dragon tramples you!
* * * LOW HITPOINT WARNING * * *
You hold your ground!
A rime drake comes into view.
You slice the ice dragon!!
You kill the ice dragon!
Trog accepts your kill.
The rime drake moves out of view.
A rime drake comes into view.
Unknown command.
You closely miss the rime drake. The rime drake closely misses you.
Unknown command.
You slice the rime drake!! Your bite misses the rime drake.
The rime drake is severely wounded.
Unknown command.
You hit the rime drake. Your bite misses the rime drake.
The rime drake is almost dead.
The rime drake breathes ice at you. The flash freeze hits you!
You die...

##....##.....#.... .
......##..##..#.### ..
#.###.##..##..... # #..
#######....### # ..
#######...## #
...#.###.##..##...#####
#..k.†k..##..##.......
##k...##.......##.
#@...........#....
##...........#....
#####............
#.........#####
##.......#...
####......#..
#...#...## PP
#......#..P P
#..###.#..PP>


You could see 2 rime drakes.

Vanquished Creatures
  Erica (D:9)
  An ice dragon (D:11)
  2 centaur zombies
  2 rime drakes (D:11)
  Sigmund (D:2)
  A wyvern (D:10)
  A wasp (D:8)
  A black bear (D:6)
  7 ice beasts
  An ogre (D:10)
  A phantom (D:5)
  2 centaurs
  A giant frog (D:8)
  4 scorpions
  4 wights (D:11)
  3 howler monkeys
  2 crimson imps
  A hound (D:11)
  4 orc wizards
  2 orc priests (D:6)
  A jelly (D:7)
  A centaur skeleton (D:11)
  3 worker ants
  A worker ant zombie (D:6)
  8 adders
  3 gnolls (D:3)
  2 shadow imps
  5 dart slugs
  4 giant geckos
  30 orcs
  3 ball pythons
  4 bats (D:1)
  A giant cockroach (D:3)
  9 goblins
  2 hobgoblins
  2 jackals (D:1)
  2 kobolds
  A giant gecko zombie (D:6)
  3 giant newts
  8 rats
135 creatures vanquished.

Notes
Turn   | Place    | Note
--------------------------------------------------------------
     0 | D:1      | brucemayne the Vampire Berserker began the quest for the Orb.
     0 | D:1      | Reached XP level 1. HP: 17/17 MP: 1/1
    74 | D:1      | Reached skill level 3 in Axes
   146 | D:2      | Reached XP level 2. HP: 6/23 MP: 2/2
   300 | D:2      | Found a glowing silver altar of Zin.
   426 | D:1      | Reached XP level 3. HP: 25/28 MP: 3/3
   579 | D:1      | Reached ** piety under Trog
   632 | D:2      | Reached skill level 4 in Axes
   757 | D:2      | Noticed Sigmund
   768 | D:2      | Killed Sigmund
   768 | D:2      | Reached skill level 5 in Axes
   768 | D:2      | Reached XP level 4. HP: 34/34 MP: 4/4
   768 | D:2      | Reached XP level 5. HP: 39/39 MP: 5/5
   966 | D:3      | Found a blossoming altar of Fedhas.
  1113 | D:3      | Found a faded altar of an unknown god.
  1126 | D:3      | Reached skill level 6 in Axes
  1214 | D:3      | Reached XP level 6. HP: 42/46 MP: 6/6
  1266 | D:3      | You fall through a shaft!
  1457 | D:5      | Entered Level 5 of the Dungeon
  1553 | D:5      | Reached skill level 7 in Axes
  1580 | D:6      | Reached *** piety under Trog
  1582 | D:6      | Reached XP level 7. HP: 51/51 MP: 7/7
  1629 | D:6      | Found a shattered altar of Ashenzari.
  1696 | D:6      | Reached skill level 8 in Axes
  1758 | D:5      | Found a shadowy altar of Dithmenos.
  1758 | D:5      | Found an ancient bone altar of Kikubaaqudgha.
  2148 | D:6      | Found a staircase to the Ecumenical Temple.
  2157 | Temple   | Entered the Ecumenical Temple
  2210 | D:6      | Reached skill level 9 in Axes
  2210 | D:6      | Reached XP level 8. HP: 48/57 MP: 8/8
  2442 | D:7      | Noticed Duvessa
  2444 | D:7      | Noticed Dowan
  2517 | D:8      | Reached skill level 10 in Axes
  2745 | D:9      | Noticed Erica
  2763 | D:9      | Killed Erica
  2763 | D:9      | Reached skill level 11 in Axes
  2763 | D:9      | Reached XP level 9. HP: 62/62 MP: 9/9
  2818 | D:10     | Entered Level 10 of the Dungeon
  2818 | D:10     | Noticed a troll
  2848 | D:10     | Reached **** piety under Trog
  3070 | D:11     | Reached skill level 5 in Fighting
  3145 | D:11     | Reached skill level 12 in Axes
  3234 | D:12     | Noticed Aviak's ghost (journeyman DrFE)
  3237 | D:12     | Reached XP level 10. HP: 76/76 MP: 10/10
  3289 | D:11     | Found a staircase to the Lair.
  3307 | D:11     | Noticed an ice dragon
  3317 | D:11     | HP: 4/115 [ice dragon (9)]
  3318 | D:11     | Killed an ice dragon
  3321 | D:11     | Killed from afar by a rime drake

Vault maps used:
D:1:      lightli_arrival_windingriver
D:2:      zin_statuary, serial_bayou_lake_a, uniq_sigmund
D:3:      fedhas_altar_1, nicolae_ru_path_of_blood, ecumenical_altar_2,
          minmay_rats_cheesy_pizza
D:4:      first_bread, grunt_tough_drop, uniq_robin, uniq_edmund
D:5:      gammafunk_temple_overflow_pools, serial_bayou_lagoon_a, uniq_eustachio
D:6:      overflow_temple_1_default
D:7:      lemuel_crystal_altar, nicolae_overflow_hidden_temple, grunt_ogre_cave,
          minivault_19, uniq_crazy_yiuf_cottage, uniq_duvessa
D:8:      minmay_weird_star, lemuel_zombie_altar_yredelemnul, basic_altar,
          st_stairs_3, uniq_joseph, uniq_maurice
D:9:      serial_shops, kennysheep_mini, uniq_erica
D:10:     basic_altar
D:11:     dpeg_oklobed_lair, minmay_guarded_unrand_chilly_death
D:12:     david_orc_5, tgw_sif, uniq_psyche, uniq_nergalle, uniq_snorg
Temple:   minmay_temple_bridge_abc

Skill      XL: |  1  2  3  4  5  6  7  8  9 10 |
---------------+-------------------------------+-----
Axes           | 3 5 6 7 9 11 12 | 12.6
Fighting       | 5 6 |  6.8
Armour         | |  1.5
Dodging        | |  2.1

Action                   |  1- 3 |  4- 6 |  7- 9 | 10-12 || total
-------------------------+-------+-------+-------+-------++-------
Melee: Hand axe          |   102 |    99 |       |       ||   201
       Bite              |     8 |    13 |    21 |     3 ||    45
       War axe           |       |    32 |   264 |    23 ||   319
Invok: Berserk           |     3 |     2 |     3 |     1 ||     9
       Trog's Hand       |     1 |     1 |     3 |       ||     5
  Use: Potion            |     3 |     5 |    11 |     1 ||    20
       Scroll            |     1 |       |       |       ||     1
 Stab: Sleeping          |     1 |       |       |       ||     1
Armor: Animal skin       |    27 |     6 |       |       ||    33
       Chain mail        |       |    44 |   143 |     6 ||   193
Dodge: Dodged            |    72 |    60 |    87 |    10 ||   229
